 Dungeon Crawl Stone Soup version 0.30-b1-2-g02819fbbbe (webtiles) character file.

Game seed: 12821078196279481867

27 Flugkiller the Trooper (level 3, -1/24 HPs)
             Began as a Gargoyle Fighter on May 13, 2023.
             Slain by Terence
             ... wielding a +0 hand axe
              (4 damage)
             ... on level 2 of the Dungeon.
             The game lasted 00:00:37 (1103 turns).

Flugkiller the Trooper (Gargoyle Fighter)           Turns: 1103, Time: 00:00:37

Health: -1/24      AC: 10    Str: 21    XL:     3   Next: 10%
Magic:  3/3        EV:  9    Int:  8    God:
Gold:   120        SH:  4    Dex:  9    Spells: 2/2 levels left

rFire   . . .        a - +0 war axe
rCold   . . .        c - +0 buckler
rNeg    + . .        b - +0 scale mail
rPois   ∞            (no helmet)
rElec   +            (no cloak)
rCorr   .            (no gloves)
SInv    .            (no boots)
Will    .....        (no amulet) Stlth
                     (no ring)
HPRegen 0.24/turn    (no ring)
MPRegen 0.08/turn

%: no passive effects
@: no status effects
A: sickness immunity, AC +3, negative energy resistance 1, electricity
resistance, torment resistance 1, petrification resistance
a: no special abilities


You were on level 2 of the Dungeon.
You visited 1 branch of the dungeon, and saw 2 of its levels.

You collected 120 gold pieces.

Inventory:

Hand Weapons
 a - a +0 war axe (weapon)
Armour
 b - a +0 scale mail (worn)
 c - a +0 buckler (worn)
Scrolls
 e - 2 scrolls of identify {unknown}
 f - a scroll of teleportation {unknown}
 g - a scroll of fog {unknown}
 m - a scroll of summoning {unknown}
 n - a scroll of silence {unknown}
Potions
 d - a potion of might
 h - a potion of flight {unknown}
 i - a potion of haste {unknown}
 j - a potion of berserk rage {unknown}
 k - a potion of mutation {unknown}
 l - a potion of heal wounds {unknown}


   Skills:
 * Level 3.8 Fighting
 * Level 2.3 Axes
 + Level 3.5 Armour
 + Level 3.5 Shields


You had 2 spell levels left.
You didn't know any spells.
Your spell library was empty.

Dungeon Overview and Level Annotations

Branches:
Dungeon (2/15) Zot: 10869

Altars:

Annotations:
D:2 Natasha, Terence


Innate Abilities, Weirdness & Mutations

You are immune to sickness and miasma.
Your stone body is resilient. (AC +3)
You are immune to poison.
You resist negative energy. (rN+)
You are resistant to electric shocks. (rElec)
You are resistant to unholy torment.
You are immune to petrification.


Message History

The rat barely misses you.
You hit the rat.
You kill the rat!
The kobold throws a stone.
You block the stone. You block the kobold's attack.
You slash the kobold!
You kill the kobold!
No target in view!
No target in view!
There is an open door here.
There is an open door here.
Key pressed, stopping explore.
No target in view!
There is an open door here.
You see here a +0 dagger.
Key pressed, stopping explore.
Key pressed, stopping explore.
You see here a +0 robe.
Done exploring.
No target in view!
No target in view!
No target in view!
No target in view!
No target in view!
(D) Dungeon
Where to? (? - help) Key pressed, stopping travel.
Unknown command.
Done exploring.
Done exploring.
No target in view!
No target in view!
(D) Dungeon
Where to? (Enter - D:2, ? - help)
You see here a +0 dagger.
There is an open door here.
There is an open door here.
There is an open door here.
There is a stone staircase leading down here.
You climb downwards.
Found a scroll labelled RIVVEMMOESU and a ring mail.
There is a stone staircase leading up here.
A goblin is nearby!
Unknown command.
A goblin is nearby!
A goblin is nearby!
The goblin unwields a +0 club.
The goblin wields a +0 sling.
The goblin shoots a sling bullet.
The sling bullet closely misses you.
The goblin shoots a sling bullet.
The sling bullet barely misses you.
The goblin unwields a +0 sling.
The goblin wields a +0 club.
The goblin hits you but does no damage.
You closely miss the goblin. The goblin completely misses you.
The goblin hits you with a +0 club.
You closely miss the goblin. The goblin hits you but does no damage.
You slash the goblin!
You kill the goblin!
Found an escape hatch in the ceiling.
No target in view!
m - a scroll labelled RIVVEMMOESU No target in view!
Things that are here:
a +0 club; a +0 sling
Found a stone staircase leading down.
There is an escape hatch in the ceiling here.
You now have 103 gold pieces (gained 10).
Found a stone.
Found an escape hatch in the floor.
No target in view!
No target in view!
No target in view!
Found 8 stones.
You now have 120 gold pieces (gained 17).
n - a scroll labelled GERRUR ETOECIER
Found a sling.
Terence the Incautious comes into view.
He is wielding a +0 hand axe.
Found a stone staircase leading down.
Terence shouts!
Natasha, Servant of Life and Death comes into view.
You hit Terence but do no damage. Terence hits you with a +0 hand axe!
You hit Natasha but do no damage. You hit Terence.
Terence hits you with a +0 hand axe. Natasha completely misses you.
Terence shouts, "Now you die!" Terence hits you but does no damage.
You hit Terence.
Terence is moderately wounded.
You hit Natasha. Natasha claws you. Terence looks scornfully at you.
Terence drinks a potion.
Terence flickers and vanishes!
Deactivating autopickup; reactivate with Ctrl-A.
Natasha claws you.
You are too injured to fight recklessly!
You are too injured to fight recklessly!
Unknown command.
Something hits you.
* * * LOW HITPOINT WARNING * * *
Natasha casts a spell at you. The magic dart hits you.
* * * LOW HITPOINT WARNING * * *
Unknown command.
Something hits you.
You die...

...#...........
#..............
.............. #
#............
..##...)........ ....
#...#........... .. ...
#.....h..>.... ...#..##
#.........# ...#....
#..@........ .......#
##.##.......
.......########.#...####.
...................## #.
...........####.#### #..
........##.# ..# ##..
........##.##.#.# ##...
.#............#.###..#
........###.........#


You could see Natasha.

Vanquished Creatures
  3 ball pythons (D:1)
  A bat (D:1)
  3 endoplasms (D:1)
  A giant cockroach (D:1)
  3 goblins
  3 hobgoblins (D:1)
  A quokka (D:1)
  2 frilled lizards (D:1)
  4 kobolds (D:1)
  2 rats (D:1)
23 creatures vanquished.

Notes
Turn   | Place    | Note
-------+----------+-------------------------------------------
     0 | D:1      | Flugkiller the Gargoyle Fighter began the quest for the
                  | Orb.
     0 | D:1      | Reached XP level 1. HP: 14/14 MP: 1/1
   110 | D:1      | Reached XP level 2. HP: 17/19 MP: 2/2
   499 | D:1      | Reached XP level 3. HP: 24/24 MP: 3/3
  1096 | D:2      | Noticed Terence
  1096 | D:2      | Noticed Natasha
  1103 | D:2      | Slain by Terence

Illustrated notes

Levels and vault maps discovered:
D:1:      erik_arrival_cave_to_civilisation [erik_arrival_cave_to_hall],
          layout_basic
D:2:      layout_rooms, uniq_terence, uniq_sigmund, uniq_natasha

Skill      XL: |  1 |
---------------+----+-----
Axes           | 2 |  2.3
Fighting       | |  3.8
Armour         | |  3.5
Shields        | |  3.5

Action                     || total
---------------------------++-------
  Melee: War axe           ||    62
 Armour: Scale mail        ||    35
  Dodge: Dodged            ||    28
  Block: Buckler           ||    15
